 Dungeon Crawl Stone Soup version 0.24.0-13-gcf9b3192b9 (webtiles) character file.

Game seed: 6850024519910605953, levelgen mode: deterministic

471 Gynju the Magician (level 6, -10/32 HPs)
             Began as a Deep Elf Fire Elementalist on Nov 6, 2019.
             Was an Initiate of Vehumet.
             Mangled by Edmund
             ... wielding a +3 dire flail of protection
              (12 damage)
             ... on level 4 of the Dungeon.
             The game lasted 00:06:08 (4630 turns).

Gynju the Magician (Deep Elf Fire Elementalist)     Turns: 4630, Time: 00:06:08

Health: -10/32     AC:  5    Str:  5    XL:     6   Next: 83%
Magic:  1/16       EV: 13    Int: 22    God:    Vehumet [......]
Gold:   140        SH:  0    Dex: 15    Spells: 12/16 levels left

rFire    . . .     SeeInvis .   u - -1 long sword
rCold    . . .     Gourm    .   (no shield)
rNeg     . . .     Faith    .   a - +0 robe
rPois    .         Spirit   .   r - +1 helmet
rElec    .         Reflect  .   g - +0 cloak
rCorr    .         Harm     .   (no gloves)
MR       .....                  (no boots)
Stlth    ++........             (no amulet)
HPRegen  0.10/turn              (no ring)
MPRegen  0.15/turn              (no ring)

@: heavily drained
A: no striking features
a: Renounce Religion


You were on level 4 of the Dungeon.
You worshipped Vehumet.
Vehumet was noncommittal.
You were not hungry.

You visited 2 branches of the dungeon, and saw 5 of its levels.

You collected 140 gold pieces.

Inventory:

Hand Weapons
 i - a +1 dagger of flaming
 u - a -1 long sword (weapon)
Missiles
 h - 5 curare-tipped darts (quivered)
 t - 33 poisoned darts
Armour
 a - a +0 robe (worn)
 g - a +0 cloak (worn)
 r - a +1 helmet (worn)
Scrolls
 b - 3 scrolls of amnesia
 e - 3 scrolls of teleportation
 n - a scroll of remove curse {@r2}
Potions
 d - a potion of flight {unknown}
 f - 3 potions of heal wounds {unknown}
 k - a potion of mutation {unknown}
 s - 2 potions of curing {unknown}
 w - a potion of lignification {unknown}
Comestibles
 c - 5 rations


   Skills:
 + Level 4.8(3.3) Dodging
 - Level 2.4(1.0) Stealth
 + Level 5.5(4.0) Spellcasting
 + Level 4.0(2.5) Conjurations
 + Level 5.1(3.6) Fire Magic


You had 12 spell levels left.
You knew the following spells:

 Your Spells              Type           Power        Failure   Level  Hunger
a - Flame Tongue          Conj/Fire      ###..        3%          1    None
b - Conjure Flame         Conj/Fire      ###.....     10%         3    ###....

Your spell library contained the following spells:

 Spells                   Type           Power        Failure   Level  Hunger
 Throw Flame              Conj/Fire      ###...       4%          2    #......
 Corona                   Hex            #......      11%         1    None
 Inner Flame              Hex/Fire       ##......     16%         3    ###....
 Ensorcelled Hibernation  Hex/Ice        #.....       17%         2    #......
 Dazzling Spray           Conj/Hex       ##....       21%         3    ###....
 Sticky Flame             Conj/Fire      ###.....     30%         4    ####...
 Confuse                  Hex            #.......     32%         3    ###....
 Tukima's Dance           Hex            #.......     32%         3    ###....
 Fireball                 Conj/Fire      ###.......   65%         5    ######.


Dungeon Overview and Level Annotations

Branches:
Dungeon (4/15)             Temple (1/1) D:4

Altars:
Ashenzari
Cheibriados
Dithmenos
Elyvilon
Gozag
Hepliaklqana
Kikubaaqudgha
Nemelex Xobeh
Okawaru
Qazlal
Ru
Sif Muna
Uskayaw
Vehumet
Xom
The Shining One

Annotations:
D:4 Edmund, Sigmund


Message History

* * * LOW HITPOINT WARNING * * *
Casting: Flame Tongue (safe; 3% risk of failure)
Confirm with . or Enter, or press ? or * to list all spells.
Aiming: Flame Tongue (safe; 3% risk of failure)
Press: ? - help, Shift-Dir - straight line, f/p - Edmund
Aim: Edmund, wielding a +3 dire flail of protection and wearing a +1 leather armour of fire resistance (moderately wounded)
The flame tongue hits Edmund.
Edmund resists.
Edmund is moderately wounded.
Edmund misses you.
A gnoll comes into view. It is wielding a +0 club.
The giant cockroach barely misses you.
Casting: Flame Tongue (safe; 3% risk of failure)
Confirm with . or Enter, or press ? or * to list all spells.
Aiming: Flame Tongue (safe; 3% risk of failure)
Press: ? - help, Shift-Dir - straight line, f/p - Edmund
Aim: Edmund, wielding a +3 dire flail of protection and wearing a +1 leather armour of fire resistance (moderately wounded)
The flame tongue hits Edmund.
Edmund completely resists.
Edmund is moderately wounded.
Edmund hits you with a +3 dire flail of protection!
You die...

≈≈***≈,#*,**#.* **,,#******,*
≈*,,,*,..,* #.* *,,oo,,,,,,,*
,*,⌠,*,**.###.## *,.o.******,*
,*,,,*,**,.....###.go..*****,*
,,***,,****#........g..,,,,,,*
,,,,,,,* #..........,****,,*
,*,,**** #.#[#***,..** *,,*
,,,,,,,* #.#g#####.#* *,,*
******,* #..#s@@.#.# ***,,*
*,* #.#.###.#.####..,,* *,*
#.####..........,,* *,* #.#
#.>..####..,** *,* #.# #...##
*#.#,,** *,* #.# ##..#
*#..#,,,** *,* #.#
##.#*#..#**,,,** *,* #.#
#.##..#*,**,,,, *,* #.#
#.#..##...#*,,*


You could see Edmund, a gnoll and a giant cockroach.

Vanquished Creatures
  Menkaure (D:4)
  A scorpion (D:3)
  An orc priest (D:4)
  An orc wizard (D:4)
  A worker ant (D:3)
  Robin (D:4)
  3 gnolls (D:3)
  6 adders
  2 oozes (D:1)
  4 worms
  4 dart slugs
  3 leopard geckos
  2 orcs
  5 giant cockroaches
  21 goblins
  7 hobgoblins
  12 jackals
  10 kobolds
  5 bats
  2 frilled lizards
  5 rats
97 creatures vanquished.

Notes
Turn   | Place    | Note
-------+----------+-------------------------------------------
     0 | D:1      | Gynju the Deep Elf Fire Elementalist began the quest for
                  | the Orb.
     0 | D:1      | Reached XP level 1. HP: 10/10 MP: 6/6
   146 | D:1      | Reached XP level 2. HP: 8/15 MP: 0/8
   957 | D:1      | Reached XP level 3. HP: 19/19 MP: 7/10
  1281 | D:2      | Learned a level 3 spell: Conjure Flame
  1572 | D:2      | Found a shimmering altar of Xom.
  1581 | D:2      | Found an iron altar of Okawaru.
  1598 | D:2      | Found a faded altar of an unknown god.
  1883 | D:2      | Reached XP level 4. HP: 24/24 MP: 4/11
  2397 | D:2      | Found a stormy altar of Qazlal.
  2902 | D:3      | Found a hazy altar of Hepliaklqana.
  3069 | D:3      | Reached XP level 5. HP: 28/28 MP: 7/13
  3614 | D:3      | Found an opulent altar of Gozag.
  3848 | D:4      | Noticed Sigmund
  3848 | D:4      | Noticed Menkaure
  3880 | D:4      | Noticed Robin
  4004 | D:4      | Killed Robin
  4013 | D:3      | Reached skill level 5 in Spellcasting
  4013 | D:3      | Reached XP level 6. HP: 6/32 MP: 1/15
  4370 | D:4      | Killed Menkaure
  4370 | D:4      | Reached skill level 5 in Fire Magic
  4460 | D:4      | Found a glowing golden altar of the Shining One.
  4470 | D:4      | Noticed Edmund
  4481 | D:4      | Found a staircase to the Ecumenical Temple.
  4501 | Temple   | Entered the Ecumenical Temple
  4523 | Temple   | Became a worshipper of Vehumet
  4630 | D:4      | Mangled by Edmund

Levels and vault maps discovered:
D:1:      matt_arrival_los_fun, layout_basic, minmay_pentomino_x2
D:2:      layout_basic, nicolae_qazlal_eye_of_the_storm,
          overflow_temple_1_default, first_ration,
          chequers_ecumenical_altar_simple_redux, xom_teletrap_fun
D:3:      layout_rooms, nicolae_overflow_hidden_temple,
          nicolae_gozag_cash_rules_everything_around_me,
          cheibrodos_sewer_entry_bend, hex_tiny
D:4:      layout_loops_ring, marbit_many_paths, minmay_temple_entry_offerings,
          fountainhead, tso_metal_star, uniq_sigmund, uniq_robin, uniq_edmund,
          uniq_menkaure
Temple:   minmay_temple_bridge_abc

Skill      XL: |  1  2  3  4  5  6 |
---------------+-------------------+-----
Dodging        | 3 4 |  4.8
Conjurations   | 2 3 4 |  4.0
Spellcasting   | 4 5 |  5.5
Fire Magic     | 4 5 |  5.1
Stealth        | |  2.4

Action                   |  1- 3 |  4- 6 || total
-------------------------+-------+-------++-------
Melee: Unarmed           |     3 |       ||     3
       Dagger            |       |    16 ||    16
 Cast: Flame Tongue      |    60 |   144 ||   204
       Conjure Flame     |       |     3 ||     3
  Use: Scroll            |       |     8 ||     8
 Stab: Sleeping          |       |     1 ||     1
  Eat: Chunk             |     3 |     5 ||     8
       Ration            |       |     1 ||     1
Armor: Robe              |     5 |    15 ||    20
Dodge: Dodged            |    15 |    62 ||    77
       Rpst.: Long sword |       |     2 ||     2
